 Dungeon Crawl Stone Soup version 0.26.1-2-gb8aa6d0cf2 (webtiles) character file.

Game seed: 16602637430355737819

172341 Riddle the Warrior (level 18, 0/100 (105) HPs)
             Began as a Vine Stalker Fighter on Mar 21, 2021.
             Was the Champion of Ru.
             Succumbed to a nagaraja's poison arrow
             ... on level 4 of the Snake Pit.
             The game lasted 01:05:01 (28569 turns).

Riddle the Warrior (Vine Stalker Fighter)          Turns: 28569, Time: 01:05:01

HP:   0/100 (105)   AC: 28    Str: 33    XL:     18   Next: 3%
MP:   3/19          EV:  3    Int:  8    God:    Ru [******]
Gold: 910           SH: 38    Dex: 14    Spells: 17/17 levels left

rFire    + . .     SeeInvis .   a - +5 war axe
rCold    + . .     Faith    .   F - +18 shield of the Gong {rElec rN+ Will+ EV-5}
rNeg     + . .     Spirit   +   j - +2 plate armour {rF+}
rPois    .         Reflect  +   w - +2 helmet
rElec    +         Harm     .   I - +2 cloak {rC+}
rCorr    +         Rampage  .   y - +0 pair of gloves
Will     +++..     Clarity  +   k - +0 pair of boots
Stlth    ..........             D - amulet of reflection
HPRegen  1.06/turn              z - +6 ring of strength
MPRegen  0.16/turn              t - ring of resist corrosion

@: lethally poisoned (0 -> -4), exhausted, no potions, lightly drained
A: fangs 3, molten scales 1, blurry vision 1, clarity, regeneration 2, magic
shield, antimagic bite, no potion heal 3, subdued magic 1, inability to drink
while threatened, no stealth, inability to use devices, inability to train
dodging, no air magic, no necromancy magic, no transmutations magic, MP-powered
wands
a: Renounce Religion, Draw Out Power, Power Leap, Apocalypse


You were on level 4 of the Snake Pit.
You worshipped Ru.
Ru was exalted by your worship.
You visited 5 branches of the dungeon, and saw 28 of its levels.
You also visited: Ice Cave.

You collected 4941 gold pieces.
You spent 4031 gold pieces at shops.

Inventory:

Hand Weapons
 a - a +5 war axe (weapon)
 b - a +0 war axe of flaming
Armour
 j - a +2 plate armour of fire resistance (worn)
 k - a +0 pair of boots (worn)
 w - a +2 helmet (worn)
 y - a +0 pair of gloves (worn)
 F - the +18 shield of the Gong (worn) {rElec rN+ Will+ EV-5}
   (You bought it in a shop on level 1 of the Snake Pit)

   It affects your evasion (-5).
   It insulates you from electricity.
   It protects you from negative energy.
   It affects your willpower, your defense against some magical effects.
 I - a +2 cloak of cold resistance (worn)
Jewellery
 h - an uncursed amulet of regeneration
 i - an uncursed ring of flight {unknown}
 t - a ring of resist corrosion (right hand)
 z - a +6 ring of strength (left hand)
 D - an amulet of reflection (around neck)
 J - the amulet "Bock" {Acrobat +Blink Will+ Dex+2}
   (You took it off a naga sharpshooter on level 3 of the Snake Pit)

   [amulet of the acrobat]

   It helps you evade while moving and waiting.
   It affects your dexterity (+2).
   It affects your willpower, your defense against some magical effects.
   It lets you blink.
 N - an uncursed ring of poison resistance
 P - an uncursed ring of see invisible
Scrolls
 c - a scroll of fog
 l - 5 scrolls of magic mapping
 n - 6 scrolls of enchant armour
 o - 14 scrolls of remove curse
 q - 4 scrolls of enchant weapon
 r - 6 scrolls of identify
 s - 8 scrolls of teleportation
 u - 3 scrolls of immolation
 v - 3 scrolls of fear
 x - 7 scrolls of amnesia
 H - a scroll of blinking
Potions
 d - 7 potions of might
 e - a potion of magic {unknown}
 f - 2 potions of berserk rage {unknown}
 g - 2 potions of resistance
 m - 5 potions of attraction
 p - 5 potions of lignification
 A - 2 potions of flight
 B - 2 potions of invisibility
 C - 11 potions of curing
 E - 4 potions of haste
 G - 4 potions of brilliance {unknown}
 Q - 2 potions of degeneration {unknown}
 S - 2 potions of cancellation {unknown}


   Skills:
 * Level 16.1 Fighting
 - Level 16.0 Axes
 - Level 10.1 Armour
 - Level 15.0 Shields


You had 17 spell levels left.
You didn't know any spells.
Your spell library contained the following spells:

 Spells                   Type           Power        Failure   Level
 Corona                   Hex            0%           94%         1
 Foxfire                  Conj/Fire      0%           94%         1
 Freeze                   Ice            0%           94%         1
 Magic Dart               Conj           0%           94%         1
 Summon Small Mammal      Summ           0%           94%         1
 Blink                    Tloc           N/A          98%         2
 Call Imp                 Summ           0%           98%         2
 Ensorcelled Hibernation  Hex/Ice        0%           98%         2
 Slow                     Hex            0%           98%         2
 Call Canine Familiar     Summ           0%           100%        3
 Confusing Touch          Hex            0%           100%        3
 Conjure Flame            Conj/Fire      0%           100%        3
 Dazzling Flash           Conj/Hex       0%           100%        3
 Frozen Ramparts          Ice            0%           100%        3
 Gell's Gravitas          Tloc           0%           100%        3
 Inner Flame              Hex/Fire       0%           100%        3
 Ozocubu's Armour         Ice            0%           100%        3
 Stone Arrow              Conj/Erth      0%           100%        3
 Summon Guardian Golem    Hex/Summ       0%           100%        3
 Tukima's Dance           Hex            0%           100%        3
 Cause Fear               Hex            0%           100%        4
 Hailstorm                Conj/Ice       0%           100%        4
 Sticky Flame             Conj/Fire      0%           100%        4
 Summon Ice Beast         Ice/Summ       0%           100%        4
 Bolt of Magma            Conj/Fire/Erth 0%           100%        5
 Fireball                 Conj/Fire      0%           100%        5
 Iskenderun's Battlesphe  Conj           0%           100%        5
 Metabolic Englaciation   Hex/Ice        0%           100%        5
 Summon Forest            Summ/Tloc      0%           100%        5
 Iron Shot                Conj/Erth      0%           100%        6
 Ozocubu's Refrigeration  Ice            0%           100%        6
 Orb of Destruction       Conj           0%           100%        7
 Spellforged Servitor     Conj/Summ      0%           100%        7
 Summon Hydra             Summ           0%           100%        7
 Discord                  Hex            0%           100%        8
 Corpse Rot               Necr/Air       Unusable     N/A         2
 Sublimation of Blood     Necr           Unusable     N/A         2
 Ignite Poison            Fire/Tmut/Pois Unusable     N/A         3
 Mephitic Cloud           Conj/Pois/Air  Unusable     N/A         3
 Ice Form                 Ice/Tmut       Unusable     N/A         4
 Petrify                  Tmut/Erth      Unusable     N/A         4
 Summon Lightning Spire   Summ/Air       Unusable     N/A         4
 Alistair's Intoxication  Tmut/Pois      Unusable     N/A         5
 Irradiate                Conj/Tmut      Unusable     N/A         5
 Silence                  Hex/Air        Unusable     N/A         5
 Yara's Violent Unravell  Hex/Tmut       Unusable     N/A         5
 Eringya's Noxious Bog    Tmut/Pois      Unusable     N/A         6
 Freezing Cloud           Conj/Ice/Air   Unusable     N/A         6
 Hydra Form               Tmut           Unusable     N/A         6
 Simulacrum               Ice/Necr       Unusable     N/A         6

Dungeon Overview and Level Annotations

Branches:
Dungeon (15/15)            Temple (1/1) D:7            Lair (6/6) D:8
  Swamp (0/4) Lair:2        Snake (4/4) Lair:4        Slime (0/5) Lair:6
    Orc (2/2) D:10            Elf (0/3) Orc:2        Vaults (0/5) D:13
 Depths (0/5) D:15          IceCv (visited)

Altars:
Ashenzari
Cheibriados
Elyvilon
Fedhas
Gozag
Hepliaklqana
Kikubaaqudgha
Makhleb
Nemelex Xobeh
Okawaru
Ru
Sif Muna
Trog
Uskayaw
Vehumet
Xom
Yredelemnul
Zin
The Shining One
Jiyva

Shops:
D:10 *   Orc:2 }(   Snake:1 [

Portals:
Trove: D:10 (give +3 gold dragon scales)

Annotations:
D:5 2 runed translucent doors
Lair:1 2 transporters, Quickbrownfox's ghost, journeyman DsGl
Lair:4 2 transporters
Snake:4 3 runed translucent doors, Icun's ghost, journeyman GnWr; Liforeniyw's ghost, adept MiBe; Tuffe's ghost, adept FoFi


Innate Abilities, Weirdness & Mutations

You have razor-sharp teeth.
You heal very quickly.
When hurt, damage is shared between your health and your magic reserves.
Your bite disrupts and absorbs the magic of your enemies.
Potions cannot restore your health.
You cannot drink potions while threatened.
You cannot be stealthy.
You cannot study or use magical devices.
You cannot train Dodging skill.
You cannot study or cast Air magic.
You cannot study or cast Necromancy magic.
You cannot study or cast Transmutations magic.
You are partially covered in molten scales. (AC +2)
Scrolls take you a little longer to read.
You possess an exceptional clarity of mind.
Your spells are a little easier to cast, but a little less powerful.
You expend magic power (3 MP) to strengthen your wands.


Message History

Unknown command.
Unknown command.
Unknown command.
Unknown command.
* * * LOW HITPOINT WARNING * * *
You feel sick.
The naga begins to attack, but is stunned by your conviction!
A naga warrior comes into view. It is wielding a +0 battleaxe.
Unknown command.
Unknown command.
Unknown command.
Unknown command.
Unknown command.
You cannot drink potions in your current state!
Unknown command.
You cannot drink potions in your current state!
Unknown command.
Okay, then.
Your surroundings suddenly seem different.
You die...

..# ..####
.
##....##..
.
##........#
..
#........#
..
#........#
..
#........#
..
#..@....#
##.....##
##....# #
###### ..
.. .. .. ..
..


There were no monsters in sight!

Vanquished Creatures
  Vashnia (Snake:3)
  Rupert (D:15)
  Kirke (D:15)
  2 nagarajas (Snake:4)
  An orc warlord (Orc:1)
  Aizul (Snake:4)
  An ironheart preserver (D:13)
  Nessos (D:13)
  The ghost of Quickbrownfox the Cleaver, a journeyman DsGl of Gozag (Lair:4)
  4 boulder beetles
  An ice dragon (D:14)
  3 hydras
  13 naga warriors
  9 anacondas
  12 two-headed ogres
  4 death yaks
  A death knight (D:14)
  5 centaur warriors
  2 ogre magi (Orc:2)
  21 naga sharpshooters
  5 shock serpents
  An orc high priest (Orc:1)
  A salamander mystic (Snake:2)
  11 skeletal warriors
  2 unseen horrors
  4 sea snakes (Snake:2)
  2 deep trolls (Orc:2)
  6 naga ritualists
  Pikel (D:5)
  4 lindwurms (Lair:4)
  A necromancer (IceCv)
  2 orc knights (Orc:2)
  A phantasmal warrior (D:13)
  7 mana vipers
  4 manticores
  4 deep elf magi
  4 ugly things
  5 orc sorcerers
  4 slime creatures (D:12)
  5 cyclopes
  7 salamanders
  4 guardian serpents
  An ice statue (IceCv)
  Joseph (D:9)
  10 elephants (Lair:5)
  33 black mambas
  A gargoyle (D:13)
  A torpor snail (Lair:6)
  22 naga magi
  4 cane toads
  5 centaur skeletons
  A kobold demonologist (D:14)
  3 rime drakes
  Maggie (Lair:1)
  12 freezing wraiths
  An efreet (D:13)
  7 komodo dragons
  A tyrant leech (Lair:2)
  A jumping spider (D:15)
  2 polar bears
  2 hornets
  10 trolls
  Prince Ribbit (D:5)
  A wolf spider simulacrum (IceCv)
  7 blink frogs (Lair:1)
  4 redbacks
  4 wraiths (D:13)
  A tarantella (D:15)
  7 wyverns
  4 basilisks
  66 yaks
  Eustachio (D:6)
  A death yak simulacrum (IceCv)
  A vampire (D:13)
  8 vampire mosquitoes
  2 steam dragons
  3 hogs (D:15)
  A swamp worm (Lair:2)
  6 wargs
  36 nagas
  An acid dragon (D:11)
  2 soldier ants
  8 water moccasins
  28 orc warriors
  3 black bears
  2 necrophages
  5 phantoms
  14 ice beasts
  An alligator simulacrum (IceCv)
  5 sky beasts
  29 ogres
  29 centaurs
  11 wolves
  Blork the orc (D:5)
  3 big kobolds
  19 bullfrogs
  3 gnoll sergeants
  15 wights
  5 howler monkeys
  5 electric eels
  3 centaur zombies
  2 draconian simulacra (IceCv)
  3 jellies
  12 hounds
  2 bullfrog skeletons (D:5)
  15 orc priests
  22 orc wizards
  Jessica (D:3)
  8 iguanas
  5 troll simulacra (IceCv)
  14 worker ants
  A wolf simulacrum (IceCv)
  4 centaur simulacra (IceCv)
  A hound skeleton (D:7)
  2 worker ant zombies
  17 gnolls
  19 adders
  5 naga simulacra (IceCv)
  3 ogre simulacra (IceCv)
  A shadow imp (D:9)
  16 white imps
  An ufetubus (D:9)
  An adder zombie (D:5)
  An adder skeleton (D:5)
  A worm (D:3)
  4 dart slugs
  6 leopard geckos
  79 orcs
  4 ball pythons
  5 giant cockroaches
  11 goblins
  12 hobgoblins
  16 jackals
  4 quokkas
  5 bats
  2 frilled lizards
  A jackal skeleton (D:4)
  A jackal zombie (D:5)
  14 kobolds
  A leopard gecko skeleton (D:5)
  2 leopard gecko zombies
  A quokka skeleton (D:4)
  10 rats
970 creatures vanquished.

Vanquished Creatures (others)
  A fire giant (D:15)
  3 naga warriors (Snake:4)
  A death yak (Lair:4)
  A manticore (D:15)
  A cyclops (D:11)
  A naga mage (Snake:2)
  A black mamba (Snake:2)
  A troll (Orc:2)
  A slime creature (D:12)
  A yak (D:13)
  A naga (Snake:4)
  An orc warrior (Orc:1)
  An orc wizard (Orc:1)
  A centaur simulacrum (IceCv)
  2 orcs
  A kobold (D:11)
  13 fungi
  43 plants
  4 withered plants (Snake:4)
79 creatures vanquished.

Grand Total: 1049 creatures vanquished

Notes
Turn   | Place    | Note
-------+----------+-------------------------------------------
     0 | D:1      | Riddle the Vine Stalker Fighter began the quest for the
                  | Orb.
     0 | D:1      | Reached XP level 1. HP: 11/11 MP: 2/2
   161 | D:1      | Reached XP level 2. HP: 16/16 MP: 3/3
   433 | D:1      | Reached XP level 3. HP: 18/20 MP: 4/4
  1043 | D:2      | Gained mutation: Your natural rate of healing is unusually
                  | fast. [Vine Stalker growth]
  1043 | D:2      | Reached XP level 4. HP: 18/24 MP: 5/5
  1559 | D:2      | Reached XP level 5. HP: 28/28 MP: 6/6
  1808 | D:3      | Noticed a sky beast
  1846 | D:2      | Killed a sky beast
  2110 | D:3      | Reached XP level 6. HP: 33/33 MP: 7/7
  2281 | D:3      | Noticed Jessica
  2290 | D:3      | Killed Jessica
  2296 | D:3      | Found a shimmering blue altar of Sif Muna.
  2301 | D:3      | Found an ancient bone altar of Kikubaaqudgha.
  2303 | D:3      | Found a shimmering altar of Xom.
  2323 | D:3      | Found a radiant altar of Vehumet.
  2327 | D:3      | Found an opulent altar of Gozag.
  3122 | D:4      | Reached XP level 7. HP: 33/37 MP: 8/8
  3593 | D:4      | Found a snail-covered altar of Cheibriados.
  3953 | D:5      | Entered Level 5 of the Dungeon
  3987 | D:5      | Noticed Blork the orc
  4004 | D:5      | Killed Blork the orc
  4005 | D:5      | Gained mutation: You have razor-sharp teeth. [Vine Stalker
                  | growth]
  4005 | D:5      | Reached XP level 8. HP: 13/42 MP: 5/9
  4144 | D:5      | Noticed Prince Ribbit
  4202 | D:5      | Found a hazy altar of Hepliaklqana.
  4207 | D:5      | Noticed Pikel
  4224 | D:5      | Killed Pikel
  4225 | D:5      | Reached skill level 5 in Fighting
  4225 | D:5      | Reached skill level 5 in Armour
  4225 | D:5      | Reached skill level 5 in Shields
  4435 | D:5      | Reached skill level 5 in Axes
  4844 | D:5      | Found a large runed translucent door.
  4847 | D:5      | Found a large runed translucent door.
  4867 | D:5      | Found a large runed translucent door.
  4867 | D:5      | Found a large runed translucent door.
  4880 | D:5      | Killed Prince Ribbit
  4881 | D:5      | Reached XP level 9. HP: 39/48 MP: 10/10
  5383 | D:6      | Noticed Eustachio
  5414 | D:6      | Killed Eustachio
  5995 | D:7      | Found a staircase to the Ecumenical Temple.
  6099 | Temple   | Entered the Ecumenical Temple
  6168 | Temple   | Became a worshipper of Ru the Awakened
  6308 | D:7      | Reached XP level 10. HP: 53/53 MP: 11/11
  6584 | D:7      | Found a white marble altar of Elyvilon.
  6669 | D:8      | Noticed a centaur warrior
  6685 | D:8      | Killed a centaur warrior
  6768 | D:8      | Gained mutation: You occasionally shout uncontrollably at
                  | your foes. [potion of mutation]
  6768 | D:8      | Gained mutation: Your mind is acute. (Int +2) [potion of
                  | mutation]
  6768 | D:8      | Gained mutation: Your flesh is cold resistant. (rC+)
                  | [potion of mutation]
  7137 | D:8      | Found a staircase to the Lair.
  7272 | D:8      | Gained mutation: You cannot study or cast Air magic. [Ru
                  | sacrifice]
  7272 | D:8      | Gained mutation: You cannot study or cast Transmutations
                  | magic. [Ru sacrifice]
  7272 | D:8      | Gained mutation: You cannot study or cast Necromancy magic.
                  | [Ru sacrifice]
  7272 | D:8      | Reached * piety under Ru
  7496 | D:9      | Found a transporter.
  7499 | D:9      | Found a transporter.
  7511 | D:9      | Noticed a cyclops
  7525 | D:9      | Killed a cyclops
  7746 | D:9      | Paralysed by a hornet for 2 turns
  7754 | D:8      | Paralysed by a hornet for 2 turns
  7761 | D:8      | HP: 4/84 [poisoned by a hornet]
  7766 | D:8      | HP: 3/84 [poisoned by a hornet]
  7771 | D:8      | HP: 3/84 [poisoned by a hornet]
  7886 | D:8      | Reached XP level 11. HP: 29/60 MP: 12/12
  8095 | D:9      | Noticed Joseph
  8192 | D:8      | HP: 3/60 [troll (10)]
  8905 | D:9      | Killed Joseph
  9074 | D:10     | Entered Level 10 of the Dungeon
  9361 | D:10     | Found a portal to a secret trove of treasure.
  9654 | D:10     | Found Hataehab's General Store.
  9724 | D:10     | Found a staircase to the Orcish Mines.
  9759 | D:10     | Gained mutation: You cannot be stealthy. [Ru sacrifice]
  9759 | D:10     | Reached ** piety under Ru
 10103 | D:11     | Noticed a manticore
 10119 | D:10     | Killed a manticore
 10205 | D:11     | Noticed a brown ugly thing
 10344 | D:11     | Noticed a cyclops
 10348 | D:11     | Killed a cyclops
 10483 | D:11     | Noticed a manticore
 10496 | D:11     | Killed a manticore
 10497 | D:11     | Gained mutation: You heal very quickly. [Vine Stalker
                  | growth]
 10497 | D:11     | Reached XP level 12. HP: 15/66 MP: 13/13
 10778 | D:11     | Noticed a two-headed ogre
 10786 | D:11     | Killed a two-headed ogre
 11014 | D:12     | Found a radiant altar of Vehumet.
 11282 | D:12     | Noticed an eight-headed hydra
 11409 | D:12     | Reached skill level 10 in Fighting
 11409 | D:12     | Reached skill level 10 in Shields
 11583 | D:13     | Noticed Nessos
 11584 | D:13     | Noticed a death knight
 11639 | D:13     | Noticed a six-headed hydra
 11688 | D:12     | Gained mutation: You cannot study or use magical devices.
                  | [Ru sacrifice]
 11688 | D:12     | Reached *** piety under Ru
 11688 | D:12     | Reached **** piety under Ru
 11928 | D:12     | Reached skill level 10 in Axes
 11968 | D:12     | Identified 2 scrolls of acquirement
 11968 | D:12     | Acquired 659 gold pieces
 11973 | D:12     | Acquired 1255 gold pieces
 12156 | D:7      | Got a polished spear
 12157 | D:7      | Identified the +4 spear of Nais {venom, Int+3} (You found
                  | it on level 7 of the Dungeon)
 12291 | D:12     | Killed an eight-headed hydra
 12590 | D:13     | Killed Nessos
 12859 | D:13     | Noticed a two-headed ogre
 12866 | D:12     | Killed a two-headed ogre
 12867 | D:12     | Reached XP level 13. HP: 61/72 MP: 14/14
 13147 | Orc:1    | Entered Level 1 of the Orcish Mines
 13364 | Orc:2    | Entered Level 2 of the Orcish Mines
 13413 | Orc:2    | Noticed an orc warlord
 13777 | Orc:1    | Killed an orc warlord
 14092 | Orc:2    | Found Enium's Gadget Shoppe.
 14249 | Orc:2    | Found a staircase to the Elven Halls.
 14266 | Orc:2    | Gained mutation: You cannot train Dodging skill. [Ru
                  | sacrifice]
 14266 | Orc:2    | Reached ***** piety under Ru
 14543 | Orc:2    | Noticed an ogre mage
 14551 | Orc:2    | Killed an ogre mage
 14672 | Orc:2    | Reached XP level 14. HP: 68/79 MP: 15/15
 14695 | Orc:2    | Found Forphyi's Weapon Emporium.
 14721 | Orc:2    | Found Dosa's Assorted Antiques.
 14752 | Orc:2    | Found Dushue Ydai's Armour Shoppe.
 15570 | D:10     | Bought a +0 pair of boots for 49 gold pieces
 15646 | Lair:1   | Entered Level 1 of the Lair of Beasts
 15694 | Lair:1   | Noticed Quickbrownfox's ghost (journeyman DsGl)
 15712 | Lair:1   | Noticed Maggie
 15735 | Lair:1   | Killed Maggie
 15802 | Lair:1   | Found a transporter.
 15802 | Lair:1   | Found a transporter.
 16402 | Lair:2   | Gained mutation: You cannot drink potions while threatened.
                  | [Ru sacrifice]
 16402 | Lair:2   | Reached ****** piety under Ru
 17049 | Lair:2   | Found a staircase to the Swamp.
 18160 | Lair:4   | Found a runed translucent gate.
 18160 | Lair:4   | Found a runed translucent gate.
 18160 | Lair:4   | Found a runed translucent gate.
 18161 | Lair:4   | Noticed Quickbrownfox's ghost (journeyman DsGl)
 18180 | Lair:4   | Killed Quickbrownfox's ghost
 18181 | Lair:4   | Reached skill level 10 in Armour
 18260 | Lair:4   | Found a staircase to the Snake Pit.
 18770 | Lair:4   | Got a bloodstained morningstar
 18771 | Lair:4   | Identified the +4 morningstar of Subjectivity {vorpal, rF+}
                  | (You found it on level 4 of the Lair of Beasts)
 18822 | Lair:5   | Reached XP level 15. HP: 79/85 MP: 16/16
 19086 | Lair:4   | Found a transporter.
 19201 | Lair:4   | Found a transporter.
 19972 | Lair:6   | Entered Level 6 of the Lair of Beasts
 19990 | Lair:6   | Found a staircase to the Slime Pits.
 19990 | Lair:6   | Found a viscous altar of Jiyva.
 20453 | D:12     | Lost mutation: Your mind is acute. (Int +2) [potion of
                  | mutation]
 20453 | D:12     | Gained mutation: Scrolls take you a little longer to read.
                  | [potion of mutation]
 20453 | D:12     | Gained mutation: Your muscles are strong. (Str +2) [potion
                  | of mutation]
 20453 | D:12     | Gained mutation: You expend magic power (3 MP) to
                  | strengthen your wands. [potion of mutation]
 20491 | D:13     | Found a glowing silver altar of Zin.
 20540 | D:13     | Lost mutation: Your muscles are strong. (Str +2) [potion of
                  | mutation]
 20540 | D:13     | Lost mutation: You occasionally shout uncontrollably at
                  | your foes. [potion of mutation]
 20540 | D:13     | Lost mutation: Your flesh is cold resistant. (rC+) [potion
                  | of mutation]
 20540 | D:13     | Gained mutation: Your spells are a little easier to cast,
                  | but a little less powerful. [potion of mutation]
 20540 | D:13     | Gained mutation: You possess an exceptional clarity of
                  | mind. [potion of mutation]
 20540 | D:13     | Gained mutation: You are partially covered in molten
                  | scales. (AC +2) [potion of mutation]
 21068 | D:13     | Found a gate to the Vaults.
 21813 | D:15     | Entered Level 15 of the Dungeon
 21888 | D:15     | Noticed Rupert
 21950 | D:15     | Found a staircase to the Depths.
 21974 | D:15     | Reached XP level 16. HP: 91/91 MP: 17/17
 21989 | D:15     | Found a frozen archway.
 22030 | IceCv    | Entered an ice cave
 22227 | IceCv    | Found an ancient bone altar of Kikubaaqudgha.
 22780 | D:15     | Noticed Kirke
 22782 | D:15     | Killed Rupert
 22792 | D:15     | Killed Kirke
 23407 | Snake:1  | Entered Level 1 of the Snake Pit
 23980 | Snake:1  | Found Odiaptyo's Antique Armour Shop.
 23989 | Snake:1  | Bought the +18 shield of the Gong {rElec rN+ Will+ EV-5}
                  | for 3697 gold pieces
 23989 | Snake:1  | Found the +18 shield of the Gong {rElec rN+ Will+ EV-5}
 24003 | Snake:1  | Bought a shiny helmet for 285 gold pieces
 24248 | Snake:2  | Reached skill level 15 in Shields
 24268 | Snake:2  | Reached skill level 15 in Axes
 24563 | Snake:2  | Reached XP level 17. HP: 91/95 MP: 18/18
 25845 | Snake:3  | Noticed Vashnia
 25866 | Snake:3  | Killed Vashnia
 26326 | Snake:3  | Found a transporter.
 26334 | Snake:3  | Identified the cursed +0 chain mail "Ykewn" {Int+5}
 26428 | Snake:3  | Found a transporter.
 26428 | Snake:3  | Identified the amulet "Bock" {Acrobat +Blink Will+ Dex+2}
 27559 | Snake:4  | Entered Level 4 of the Snake Pit
 27568 | Snake:4  | Reached skill level 15 in Fighting
 27813 | Snake:4  | Noticed Aizul
 27829 | Snake:4  | Killed Aizul
 28464 | Snake:4  | Reached XP level 18. HP: 105/105 MP: 19/19
 28539 | Snake:4  | Found a runed translucent gate.
 28539 | Snake:4  | Found a runed translucent gate.
 28539 | Snake:4  | Found a runed translucent gate.
 28541 | Snake:4  | Noticed Icun's ghost (journeyman GnWr)
 28542 | Snake:4  | Noticed Tuffe's ghost (adept FoFi)
 28553 | Snake:4  | Noticed Liforeniyw's ghost (adept MiBe)
 28565 | Snake:4  | HP: 4/100 [nagaraja/cursed staff of cold (9)]
 28568 | Snake:4  | HP: 1/100 [poisoned by a nagaraja (poison arrow)]
 28569 | Snake:4  | Succumbed to a nagaraja's poison arrow

Illustrated notes

Levels and vault maps discovered:
D:1:      lightli_arrival_noodles, layout_loops_ring, minmay_heptomino_o4
D:2:      layout_loops_ring
D:3:      layout_loops_cross, minmay_overflow_temple_star_hex,
          serial_co_window_serial, co_window_paths_b, co_window_cross_1,
          co_window_corner_a, co_window_corner_a, co_window_corner_a,
          co_window_unsneaky_path_b, co_window_corner_b, co_window_2corner,
          glass_columns_a, uniq_jessica
D:4:      layout_loops_corners, kennysheep_slug_shrine
D:5:      layout_basic, lemuel_crystal_altar, minmay_hollow_rounded_squares,
          uniq_prince_ribbit1, uniq_pikel, uniq_blork_the_orc
D:6:      layout_cave_pods, uniq_eustachio
D:7:      layout_rooms, overflow_temple_1_default, temple_statues
D:8:      layout_cave_pools, grunt_lair_entry_orc_guard_hut
D:9:      gammafunk_steamed_eel, layout_cave_pools, kennysheep_nondescript,
          uniq_joseph
D:10:     layout_loops_ring, kennysheep_orc_monster_closet_entryway,
          serial_shops, shop, enter_trove_1
D:11:     layout_loops_cross
D:12:     layout_gridville, basic_altar, kennysheep_small_circle
D:13:     layout_cave_pools, skrybe_vaults_entry_preservation, basic_altar,
          uniq_nessos
D:14:     minmay_slanted_spiral_squares, layout_rooms, grunt_decor_junction
D:15:     grunt_enter_depths_giant_problem, layout_rooms,
          portal_ice_cave_entry_pillars_1, grunt_decor_arrowhead, uniq_kirke,
          uniq_rupert
Temple:   regret_index_temple_waves
Lair:1:   layout_hall_layers, gammafunk_ghost_hive, grunt_forest_stairs_basic,
          serial_bayou_shore_b, uniq_maggie
Lair:2:   layout_regular_city, minmay_swamp_entry_worms, guppyfry_lair_drakes
Lair:3:   layout_hall_layers, serial_bayou_lagoon_a
Lair:4:   gammafunk_cloud_chamber, layout_cave_pods, dummy_snake_entry,
          ebering_ghost_rock_garden, minmay_lindwurm_lava
Lair:5:   layout_hall_layers, infiniplex_staircase_pool
Lair:6:   hangedman_lair_tendril_chambers, layout_small_grid,
          guppyfry_lair_end_dragon, slime_altar_1
Snake:1:  layout_misc_corridors, serial_shops, shop, drop_trap
Snake:2:  layout_layer_cave, serial_bayou_shore_a, grunt_megastairs_1
Snake:3:  gammafunk_the_bubble [the_bubble_gammafunk_grid], layout_layer_cave,
          uniq_vashnia
Snake:4:  snake_pit, layout_chambers, gammafunk_ghost_cemetery,
          grunt_ministairs_5, uniq_aizul
Orc:1:    layout_caves
Orc:2:    st_orc_open, layout_diamond_mine

Skill      XL: |  1  2  3  4  5  6  7  8  9 10 11 12 13 14 15 16 17 |
---------------+----------------------------------------------------+-----
Axes           | 2 3 4 5 6 7 9 10 11 12 13 15 16 | 16.0
Fighting       | 3 4 5 6 8 9 10 11 12 13 16 | 16.1
Shields        | 3 4 5 6 8 9 10 11 12 13 15 | 15.0
Armour         | 3 4 5 6 7 8 9 10 | 10.1

Action                   |  1- 3 |  4- 6 |  7- 9 | 10-12 | 13-15 | 16-18 || total
-------------------------+-------+-------+-------+-------+-------+-------++-------
Melee: War axe           |    94 |   164 |   330 |   636 |  1108 |   856 ||  3188
       Bite              |    17 |    37 |   107 |   246 |   497 |   385 ||  1289
       Unarmed           |       |       |       |     1 |       |       ||     1
       Spear             |       |       |       |     8 |    10 |       ||    18
Invok: Sacrifice Arcana  |       |       |       |     1 |       |       ||     1
       Sacrifice Stealth |       |       |       |     1 |       |       ||     1
       Power Leap        |       |       |       |     1 |     1 |       ||     2
       Sacrifice Artific |       |       |       |     1 |       |       ||     1
       Draw Out Power    |       |       |       |       |     2 |     1 ||     3
       Sacrifice Nimblen |       |       |       |       |     1 |       ||     1
       Sacrifice Drink   |       |       |       |       |     1 |       ||     1
  Use: Scroll            |       |       |       |    26 |     4 |     1 ||    31
       Potion            |       |       |       |     5 |     5 |       ||    10
 Stab: Invisible         |       |       |       |       |    12 |     4 ||    16
       Distracted        |       |       |       |       |     4 |     4 ||     8
       Paralysed         |       |       |       |       |     6 |       ||     6
Armor: Scale mail        |    46 |    83 |    61 |       |       |       ||   190
       Ring mail         |       |       |    82 |    78 |       |       ||   160
       Skin              |       |       |       |     8 |       |       ||     8
       Plate armour      |       |       |       |   108 |   277 |   139 ||   524
Dodge: Dodged            |    37 |    51 |   119 |   177 |   135 |    32 ||   551
Block: Kite shield       |    54 |    79 |   222 |   535 |   567 |   642 ||  2099
       Reflection        |       |       |       |    13 |    58 |   142 ||   213
       Tower shield      |       |       |       |       |   451 |   269 ||   720
